 Dungeon Crawl Stone Soup version 0.27-a0-1196-g3e9cee4cb2 (webtiles) character file.

Game seed: 70281734323937980

1194 Glokmah the Spear-Bearer (level 8, -5/62 HPs)
             Began as a Merfolk Gladiator on May 29, 2021.
             Was a Priest of Okawaru.
             Slain by a steam dragon (9 damage)
             ... on level 6 of the Dungeon.
             The game lasted 00:09:56 (6779 turns).

Glokmah the Spear-Bearer (Merfolk Gladiator)        Turns: 6779, Time: 00:09:57

Health: -5/62      AC: 13    Str: 15    XL:     8   Next: 43%
Magic:  11/11      EV: 12    Int:  7    God:    Okawaru [***...]
Gold:   248        SH:  0    Dex: 17    Spells: 5/9 levels left

rFire    . . .     SeeInvis .   a - +1 trident
rCold    . . .     Faith    .   (no shield)
rNeg     + . .     Spirit   .   e - +2 ring mail {Will+}
rPois    .         Reflect  .   c - +0 helmet
rElec    .         Harm     .   (no cloak)
rCorr    .         Rampage  .   n - +0 pair of gloves
Will     +....                  (no boots)
Stlth    +.........             (no amulet)
HPRegen  0.20/turn              q - ring of positive energy
MPRegen  0.12/turn              l - +4 ring of protection

@: no status effects
A: (nimble swimmer 2), mertail
a: Renounce Religion, Heroism


You were on level 6 of the Dungeon.
You worshipped Okawaru.
Okawaru was most pleased with you.
You visited 1 branch of the dungeon, and saw 6 of its levels.

You collected 248 gold pieces.

Inventory:

Hand Weapons
 a - a +1 trident (weapon)
 g - a +4 dagger
 k - a +0 halberd
Missiles
 d - a throwing net
 f - 6 atropa-tipped darts (quivered)
 j - 7 boomerangs of dispersal
 v - 6 javelins
Armour
 c - a +0 helmet (worn)
 e - a +2 ring mail of willpower (worn)
 n - a +0 pair of gloves (worn)
Jewellery
 l - a +4 ring of protection (right hand)
 q - a ring of positive energy (left hand)
 x - a ring of protection from fire
Scrolls
 h - 3 scrolls of teleportation
 p - 2 scrolls of enchant armour
 t - a scroll of enchant weapon
 u - a scroll of immolation {unknown}
 w - a scroll of fear {unknown}
Potions
 b - a potion of attraction
 i - 3 potions of curing
 m - a potion of invisibility {unknown}
 o - 2 potions of cancellation {unknown}
 r - a potion of magic {unknown}
 s - a potion of haste


   Skills:
 + Level 5.2 Fighting
 * Level 10.0 Polearms
 - Level 4.0 Throwing
 - Level 4.0 Dodging
 + Level 1.1 Spellcasting
 * Level 1.8 Hexes
 + Level 4.0 Invocations


You had 5 spell levels left.
You knew the following spells:

 Your Spells              Type           Power      Damage    Failure   Level
a - Confusing Touch       Hex            3%         N/A       75%         3
b - Summon Small Mammal   Summ           0%         N/A       63%         1

Your spell library contained the following spells:

 Spells                   Type           Power      Damage    Failure   Level
 Corona                   Hex            3%         N/A       36%         1
 Animate Skeleton         Necr           0%         N/A       63%         1
 Apportation              Tloc           0%         N/A       63%         1
 Gell's Gravitas          Tloc           0%         N/A       94%         3
 Petrify                  Tmut/Erth      0%         N/A       100%        4
 Metabolic Englaciation   Hex/Ice        0%         N/A       100%        5
 Yara's Violent Unravell  Hex/Tmut       0%         3d3       100%        5


Dungeon Overview and Level Annotations

Branches:
Dungeon (6/15)             Temple (0/1) D:4

Altars:
Okawaru
Ru


Innate Abilities, Weirdness & Mutations

((You are quick and stealthy near water. (Stealth+, EV+, Speed+++)))
Your lower body shifts to a powerful aquatic tail in water.


Message History

You closely miss the steam dragon.
The steam dragon is moderately wounded.
The steam dragon bites you. The steam dragon closely misses you.
You closely miss the steam dragon.
The steam dragon is moderately wounded.
The steam dragon bites you but does no damage.
The steam dragon claws you but does no damage.
You hit the steam dragon but do no damage.
The steam dragon is moderately wounded.
The steam dragon breathes steam at you. The ball of steam hits you.
You hit the steam dragon.
The steam dragon is heavily wounded.
You are engulfed in a cloud of scalding steam.
You hit the steam dragon.
The steam dragon is heavily wounded.
You are engulfed in a cloud of scalding steam.
The steam dragon bites you but does no damage.
The steam dragon claws you but does no damage.
The steam dragon bites you but does no damage.
The steam dragon barely misses you.
You barely miss the steam dragon.
The steam dragon is heavily wounded.
The steam dragon closely misses you. The steam dragon claws you.
You hit the steam dragon but do no damage.
The steam dragon is heavily wounded.
The steam dragon bites you.
The steam dragon claws you but does no damage.
You barely miss the steam dragon.
The steam dragon is heavily wounded.
The steam dragon breathes steam at you. The ball of steam hits you!
* * * LOW HITPOINT WARNING * * *
You hit the steam dragon.
The steam dragon is heavily wounded.
You are engulfed in a cloud of scalding steam.
* * * LOW HITPOINT WARNING * * *
Unknown command.
The steam dragon bites you!
You die...

.....## ###
#.....######......
#................
##......<........
##................
#.................
#.................
##.................
#.........D@.......
#.........§........
#........§§§......#
#........§§§......#
#................##
#..................
##.†...............
##........<....####
##.............##


You could see a steam dragon (catching breath).

Vanquished Creatures
  Grinder (D:3)
  2 ogres
  2 scorpions (D:5)
  4 wights (D:4)
  A centaur zombie (D:6)
  A bullfrog skeleton (D:5)
  A centaur skeleton (D:5)
  5 iguanas
  An orc wizard (D:5)
  Natasha (thrice) (D:4)
  A howler monkey zombie (D:6)
  Robin (D:2)
  7 gnolls
  A howler monkey skeleton (D:6)
  3 adders
  A shadow imp (D:6)
  An adder skeleton (D:4)
  An adder zombie (D:5)
  3 dart slugs
  5 orcs
  4 endoplasms
  5 giant cockroaches
  10 goblins
  13 hobgoblins
  4 jackals
  4 quokkas
  5 ball pythons
  4 bats
  2 frilled lizards
  6 kobolds
  6 rats
108 creatures vanquished.

Notes
Turn   | Place    | Note
-------+----------+-------------------------------------------
     0 | D:1      | Glokmah the Merfolk Gladiator began the quest for the Orb.
     0 | D:1      | Reached XP level 1. HP: 16/16 MP: 1/1
   151 | D:1      | Reached skill level 5 in Polearms
   151 | D:1      | Reached XP level 2. HP: 23/23 MP: 2/2
   917 | D:2      | Reached XP level 3. HP: 23/28 MP: 3/3
  1221 | D:2      | Reached skill level 6 in Polearms
  1467 | D:2      | Found a faded altar of an unknown god.
  1482 | D:2      | Became a worshipper of Warmaster Okawaru
  1482 | D:2      | Reached * piety under Okawaru
  1741 | D:2      | Noticed Robin
  1771 | D:2      | Reached XP level 4. HP: 35/35 MP: 4/4
  2112 | D:2      | Killed Robin
  2223 | D:2      | Reached skill level 1 in Invocations
  2225 | D:2      | Reached XP level 5. HP: 20/41 MP: 5/5
  2433 | D:2      | Learned a level 3 spell: Confusing Touch
  2644 | D:3      | Noticed Grinder
  2668 | D:3      | Paralysed by Grinder for 2 turns
  2690 | D:3      | Killed Grinder
  2691 | D:3      | Reached skill level 7 in Polearms
  2691 | D:3      | Reached XP level 6. HP: 31/48 MP: 5/7
  2911 | D:3      | Reached ** piety under Okawaru
  3061 | D:3      | Found a sacrificial altar of Ru.
  3666 | D:4      | Found a staircase to the Ecumenical Temple.
  3741 | D:4      | Reached skill level 8 in Polearms
  4111 | D:4      | Noticed Natasha
  4117 | D:4      | Killed Natasha
  4174 | D:4      | Reached XP level 7. HP: 54/54 MP: 7/9
  4512 | D:4      | Reached skill level 9 in Polearms
  4613 | D:5      | Entered Level 5 of the Dungeon
  4888 | D:4      | Noticed Natasha
  4901 | D:4      | Killed Natasha
  5302 | D:4      | Noticed Natasha
  5307 | D:4      | Killed Natasha
  5364 | D:5      | Reached *** piety under Okawaru
  5393 | D:5      | Reached XP level 8. HP: 58/61 MP: 10/10
  5400 | D:5      | Reached skill level 5 in Fighting
  5518 | D:5      | Learned a level 1 spell: Summon Small Mammal
  5981 | D:5      | Noticed a troll
  6373 | D:5      | Reached skill level 1 in Hexes
  6710 | D:6      | Reached skill level 10 in Polearms
  6710 | D:6      | Reached skill level 1 in Spellcasting
  6779 | D:6      | Slain by a steam dragon

Illustrated notes

Levels and vault maps discovered:
D:1:      dpeg_arrival_short_road, layout_basic
D:2:      minmay_general_purpose_star, layout_rooms,
          hellmonk_ecumenical_altar_crossroads, uniq_robin
D:3:      layout_basic, hangedman_ru_absence, uniq_grinder
D:4:      layout_cave_pods, minmay_temple_entry_slanted,
          amcnicky_mini_rare_corridor_liquid, uniq_natasha
D:5:      layout_basic, lightli_corner_chamber
D:6:      layout_layer_cave, minmay_statues_item, grunt_ministairs_10,
          uniq_pikel, uniq_eustachio

Skill      XL: |  1  2  3  4  5  6  7  8 |
---------------+-------------------------+-----
Polearms       | 5 6 7 8 9 10 | 10.0
Fighting       | 3 4 5 |  5.2
Invocations    | 1 2 3 4 |  4.0
Throwing       | 3 4 |  4.0
Hexes          | 1 |  1.8
Spellcasting   | 1 |  1.1
Dodging        | |  4.0

Action                   |  1- 3 |  4- 6 |  7- 9 || total
-------------------------+-------+-------+-------++-------
Melee: Trident           |   132 |   171 |   169 ||   472
       Punch             |       |     1 |       ||     1
Throw: Dart              |       |     9 |     3 ||    12
       Throwing net      |       |     6 |       ||     6
Invok: Heroism           |       |     1 |     1 ||     2
  Use: Scroll            |     4 |     2 |     2 ||     8
 Stab: Held in net/web   |       |     2 |       ||     2
       Invisible         |       |     3 |       ||     3
Armor: Ring mail         |    44 |    54 |    47 ||   145
Dodge: Dodged            |    68 |    93 |    84 ||   245

Table legend: (Time is in decaauts)
 A = Elapsed time spent in this place.
 B = Non-inter-level travel time spent in this place.
 C = Inter-level travel time spent in this place.
 D = Time resting spent in this place.
 E = Time spent auto-exploring this place.
 F = Levels seen in this place.
 G = Mean time per level.
                   A        B        C        D        E       F      G
               +--------+--------+--------+--------+--------+-----+--------+
         Total |   6754 |   5857 |    897 |    465 |   4259 |   6 | 1125.7 |
       Dungeon |   6754 |   5857 |    897 |    465 |   4259 |   6 | 1125.7 |
               +--------+--------+--------+--------+--------+-----+--------+

Top non-repeatable levels by time:
     D:4: 1706 daAuts
     D:2: 1496 daAuts
     D:5: 1295 daAuts
     D:1: 1121 daAuts
     D:3: 983 daAuts
     D:6: 151 daAuts
